[gd_scene load_steps=8 format=2]

[ext_resource path="res://Assets/background/colored_land.png" type="Texture" id=1]
[ext_resource path="res://Assets/character/main character/Idle (1).png" type="Texture" id=2]
[ext_resource path="res://Assets/Fonts/Menu.tres" type="DynamicFont" id=3]
[ext_resource path="res://Assets/Fonts/GameName.tres" type="DynamicFont" id=4]
[ext_resource path="res://Scripts/StartGame.gd" type="Script" id=5]
[ext_resource path="res://Scripts/ExitGame.gd" type="Script" id=6]
[ext_resource path="res://Scripts/Tutorial.gd" type="Script" id=7]

[node name="MarginContainer" type="MarginContainer"]
anchor_right = 1.0
anchor_bottom = 1.0
__meta__ = {
"_edit_use_anchors_": false
}

[node name="MainMenu-Background" type="Sprite" parent="."]
position = Vector2( 508.78, 181.524 )
scale = Vector2( 1.12291, 1.02341 )
texture = ExtResource( 1 )

[node name="HBoxContainer" type="HBoxContainer" parent="."]
margin_right = 1024.0
margin_bottom = 600.0

[node name="Characters" type="CenterContainer" parent="HBoxContainer"]
margin_right = 416.0
margin_bottom = 600.0

[node name="Girl" type="TextureRect" parent="HBoxContainer/Characters"]
margin_top = 73.0
margin_right = 416.0
margin_bottom = 527.0
texture = ExtResource( 2 )

[node name="Menu" type="VBoxContainer" parent="HBoxContainer"]
margin_left = 420.0
margin_right = 979.0
margin_bottom = 600.0
alignment = 1

[node name="VBoxContainer" type="VBoxContainer" parent="HBoxContainer/Menu"]
margin_top = 93.0
margin_right = 559.0
margin_bottom = 189.0

[node name="Label" type="Label" parent="HBoxContainer/Menu/VBoxContainer"]
margin_right = 559.0
margin_bottom = 96.0
custom_fonts/font = ExtResource( 4 )
custom_colors/font_color = Color( 0.996078, 0.0823529, 0.282353, 1 )
text = "Who Am I"
__meta__ = {
"_edit_use_anchors_": false
}

[node name="VBoxContainer2" type="VBoxContainer" parent="HBoxContainer/Menu"]
margin_top = 193.0
margin_right = 559.0
margin_bottom = 507.0

[node name="StartGame" type="LinkButton" parent="HBoxContainer/Menu/VBoxContainer2"]
margin_right = 559.0
margin_bottom = 102.0
custom_fonts/font = ExtResource( 3 )
custom_colors/font_color = Color( 0, 0, 0, 1 )
text = "Start Game"
underline = 2
script = ExtResource( 5 )
scene_to_load = "Level1"

[node name="Tutorial" type="LinkButton" parent="HBoxContainer/Menu/VBoxContainer2"]
margin_top = 106.0
margin_right = 559.0
margin_bottom = 208.0
custom_fonts/font = ExtResource( 3 )
custom_colors/font_color = Color( 0, 0, 0, 1 )
text = "Tutorial"
underline = 2
script = ExtResource( 7 )
__meta__ = {
"_edit_use_anchors_": false
}

[node name="ExitGame" type="LinkButton" parent="HBoxContainer/Menu/VBoxContainer2"]
margin_top = 212.0
margin_right = 559.0
margin_bottom = 314.0
custom_fonts/font = ExtResource( 3 )
custom_colors/font_color = Color( 0, 0, 0, 1 )
text = "Exit Game"
underline = 2
script = ExtResource( 6 )
[connection signal="pressed" from="HBoxContainer/Menu/VBoxContainer2/StartGame" to="HBoxContainer/Menu/VBoxContainer2/StartGame" method="_on_StartGame_pressed"]
[connection signal="pressed" from="HBoxContainer/Menu/VBoxContainer2/Tutorial" to="HBoxContainer/Menu/VBoxContainer2/Tutorial" method="_on_Tutorial_pressed"]
[connection signal="pressed" from="HBoxContainer/Menu/VBoxContainer2/ExitGame" to="HBoxContainer/Menu/VBoxContainer2/ExitGame" method="_on_ExitGame_pressed"]
